 Dungeon Crawl Stone Soup version 0.19.5 (webtiles) character file.

803 McKennaii the Magician (level 7, 0/37 HPs)
             Began as a Deep Elf Fire Elementalist on May 16, 2017.
             Slain by an orc
             ... wielding a +0 trident
              (11 damage)
             ... on level 4 of the Dungeon.
             The game lasted 00:06:16 (2919 turns).

McKennaii the Magician (Deep Elf Fire Elementalist) Turns: 2919, Time: 00:06:17

Health: 0/37       AC:  4    Str:  5    XL:     7   Next: 59%
Magic:  0/19       EV: 13    Int: 22    God:
Gold:   214        SH:  0    Dex: 15    Spells: 4 memorised, 8 levels left

rFire  . . .     SeeInvis .     (no weapon)
rCold  . . .     Gourm    .     a - +0 robe
rNeg   + . .     Faith    .     (no shield)
rPois  .         Spirit   .     (no helmet)
rElec  .         Reflect  .     l - +0 cloak
rCorr  .         Harm     .     o - +0 pair of gloves
MR     .....                    (no boots)
Stlth  ++........               (no amulet)
                                (no ring)
                                p - ring of positive energy

@: no status effects
A: no striking features
a: no special abilities


You were on level 4 of the Dungeon.
You were not hungry.

You visited 1 branch of the dungeon, and saw 4 of its levels.

You collected 214 gold pieces.

Inventory:

Armour
 a - a +0 robe (worn)
 l - a +0 cloak (worn)
 o - a +0 pair of gloves (worn)
Jewellery
 p - a ring of positive energy (left hand)
 w - an uncursed ring of magical power {unknown}
Scrolls
 d - 2 scrolls of recharging {unknown}
 e - a scroll of teleportation {unknown}
 f - 2 scrolls of identify {unknown}
 g - 5 scrolls of enchant weapon {unknown}
 k - 2 scrolls of magic mapping {unknown}
 m - 5 scrolls of remove curse {unknown}
 q - 2 scrolls of immolation {unknown}
Potions
 h - a potion of ambrosia {unknown}
 i - 3 potions of mutation {unknown}
 n - a potion of cure mutation {unknown}
 r - a potion of lignification {unknown}
 s - a potion of agility {unknown}
 v - a potion of curing {unknown}
Books
 b - a book of Flames

   Spells                             Type                      Level
   a - Flame Tongue                   Conjuration/Fire             1
   b - Throw Flame                    Conjuration/Fire             2
   c - Conjure Flame                  Conjuration/Fire             3
   d - Inner Flame                    Hexes/Fire                   3
   e - Sticky Flame                   Conjuration/Fire             4
   f - Fireball                       Conjuration/Fire             5
Comestibles
 c - 5 bread rations
 j - 2 meat rations
 t - a royal jelly
 u - 2 fruits


   Skills:
 + Level 0.5 Fighting
 + Level 3.0 Dodging
 + Level 2.8 Stealth
 + Level 6.7 Spellcasting
 + Level 5.0 Conjurations
 + Level 6.4 Fire Magic


You had 8 spell levels left.
You knew the following spells:

 Your Spells              Type           Power        Failure   Level  Hunger
a - Flame Tongue          Conj/Fire      ####.        1%          1    None
b - Throw Flame           Conj/Fire      ####..       1%          2    None
c - Conjure Flame         Conj/Fire      ####....     2%          3    #......
f - Fireball              Conj/Fire      ####......   28%         5    #####..


Dungeon Overview and Level Annotations

Branches:
Dungeon (4/15)
 Temple: D:4-7

Altars:

Shops:
D:4 }


Message History

You don't have enough magic to cast that spell.
Unknown command.
Casting: Flame Tongue
Confirm with . or Enter, or press ? or * to list all spells.
You don't have enough magic to cast that spell.
Casting: Flame Tongue
Confirm with . or Enter, or press ? or * to list all spells.
Aiming: Flame Tongue
Press: ? - help, Shift-Dir - straight line, f/p - orc
Aim: an orc, wielding a trident and wearing a scale mail The flame tongue hits the orc.
The orc appears unharmed.
Casting: Flame Tongue
Confirm with . or Enter, or press ? or * to list all spells.
Aiming: Flame Tongue
Press: ? - help, Shift-Dir - straight line, f/p - orc
Aim: an orc, wielding a trident and wearing a scale mail The flame tongue hits the orc.
The orc is lightly wounded.
The orc hits you from afar with a trident!
You die...

######### #.......# ### #.#####.#
#.. #.....#.# #.#
######################.#.### #.#
#........o.@.)........<....#
#.####.######################.#+#
...).).# #.. ........... #.######
#.# ######..... ..# #.# #.....
### #.# #..#'#
###################[########..#.#
.................................
###################.#####.....#.#


You could see an orc.

Vanquished Creatures
  Eustachio (D:4)
  A phantom (D:4)
  An ogre (D:4)
  A centaur (D:4)
  A scorpion (D:4)
  3 orc wizards
  An orc priest (D:4)
  An iguana (D:4)
  A worker ant (D:4)
  2 adders
  8 gnolls
  2 oozes
  A dart slug (D:1)
  3 leopard geckos
  17 orcs
  5 bats
  5 giant cockroaches
  5 hobgoblins
  8 jackals
  2 quokkas
  3 ball pythons
  8 frilled lizards
  11 goblins
  4 kobolds
  5 rats
100 creatures vanquished.

Vanquished Creatures (others)
  5 toadstools (D:1)
5 creatures vanquished.

Grand Total: 105 creatures vanquished

Notes
Turn   | Place    | Note
-------+----------+-------------------------------------------
     0 | D:1      | McKennaii the Deep Elf Fire Elementalist began the quest for the Orb.
     0 | D:1      | Reached XP level 1. HP: 10/10 MP: 6/6
   106 | D:1      | Reached XP level 2. HP: 15/15 MP: 5/8
   506 | D:2      | Reached XP level 3. HP: 19/19 MP: 5/9
   510 | D:2      | Learned a level 2 spell: Throw Flame
   514 | D:2      | Learned a level 3 spell: Conjure Flame
   737 | D:2      | Reached XP level 4. HP: 24/24 MP: 9/11
  1550 | D:3      | Reached XP level 5. HP: 27/28 MP: 1/13
  1780 | D:3      | Reached skill level 5 in Fire Magic
  1857 | D:3      | Learned a level 5 spell: Fireball
  2223 | D:4      | Found Teumn's Gadget Shop.
  2259 | D:4      | Noticed a phantom
  2270 | D:4      | Killed a phantom
  2270 | D:4      | Reached skill level 5 in Spellcasting
  2270 | D:4      | Reached XP level 6. HP: 25/32 MP: 8/16
  2532 | D:4      | Reached XP level 7. HP: 22/37 MP: 6/17
  2742 | D:4      | Noticed Eustachio
  2757 | D:4      | Killed Eustachio
  2905 | D:4      | Reached skill level 5 in Conjurations
  2919 | D:4      | Slain by an orc

Skill      XL: |  1  2  3  4  5  6  7 |
---------------+----------------------+-----
Fire Magic     | 4 5 6 |  6.4
Spellcasting   | 4 5 6 |  6.7
Conjurations   | 2 3 4 5 |  5.0
Dodging        | 3 |  3.0
Fighting       | |  0.5
Stealth        | |  2.8

Action                   |  1- 3 |  4- 6 |  7- 9 || total
-------------------------+-------+-------+-------++-------
Melee: Unarmed           |     2 |     4 |       ||     6
 Cast: Flame Tongue      |    51 |   113 |    36 ||   200
       Conjure Flame     |     1 |     1 |     2 ||     4
  Eat: Chunk             |       |     5 |     1 ||     6
Armor: Robe              |     2 |     6 |     5 ||    13
Dodge: Dodged            |    13 |    28 |    11 ||    52
